 Dungeon Crawl Stone Soup version 0.30-b1-2-g02819fbbbe (webtiles) character file.

Game seed: 4388830135301129168

(classic levelgen) 40632 EnegeticOcto the Severer (level 13, -19/119 HPs)
             Began as a Minotaur Fighter on May 21, 2023.
             Was a High Priest of Uskayaw.
             Demolished by an orc warlord
             ... wielding a +1 bardiche of protection
              (32 damage)
             ... on level 2 of the Orcish Mines.
             The game lasted 00:09:29 (15034 turns).

EnegeticOcto the Severer (Minotaur Fighter)        Turns: 15034, Time: 00:09:30

Health: -19/119    AC: 21    Str: 26    XL:     13   Next: 75%
Magic:  15/19      EV:  8    Int:  5    God:    Uskayaw [*****.]
Gold:   1264       SH: 13    Dex: 16    Spells: 12/12 levels left

rFire   + . .        a - +4 broad axe (elec)
rCold   + + +        B - +0 kite shield of Perfidy {rC+++}
rNeg    . . .        x - +0 chain mail
rPois   .            (helmet restricted)
rElec   .            w - +2 cloak
rCorr   .            o - +1 pair of gloves
SInv    +            f - +1 pair of boots "Tatanem" {+Inv rF+ SInv}
Will    .....        P - amulet of faith Stlth
                     K - +6 ring of dexterity
HPRegen 0.39/turn    C - ring of flight
MPRegen 0.16/turn

%: faith
@: flying
A: horns 2, retaliatory headbutt, subdued magic 1
a: Renounce Religion, Evoke Invisibility, Stomp, Line Pass, Grand Finale


You were on level 2 of the Orcish Mines.
You worshipped Uskayaw.
Uskayaw was aware of your devotion.
You visited 2 branches of the dungeon, and saw 15 of its levels.

You collected 1264 gold pieces.

Inventory:

Hand Weapons
 a - a +4 broad axe of electrocution (weapon)
   (You found it on level 11 of the Dungeon)
 s - a +1 hand axe of venom
   (You took it off Terence on level 3 of the Dungeon)
 y - the +6 war axe of the Apocalypse {antimagic, Drain Str+4 Int+4 SInv}
   (You acquired it on level 7 of the Dungeon)

   Str:       It affects your strength (+4).
   Int:       It affects your intelligence (+4).
   SInv:      It lets you see invisible.
   Drain:     It drains your maximum health when unequipped.
 I - a +1 war axe of flaming
Missiles
 N - 3 throwing nets (quivered)
Armour
 f - the +1 pair of boots "Tatanem" (worn) {+Inv rF+ SInv}
   (You acquired it on level 3 of the Dungeon)

   rF:        It protects you from fire.
   SInv:      It lets you see invisible.
   +Inv:      It lets you turn invisible.
 o - a +1 pair of gloves (worn)
   (You found it on level 3 of the Dungeon)
 w - a +2 cloak (worn)
   (You took it off Crazy Yiuf on level 3 of the Dungeon)
 x - a +0 chain mail (worn)
   (You took it off Terence on level 3 of the Dungeon)
 B - the +0 kite shield of Perfidy (worn) {rC+++}
   (You found it on level 5 of the Dungeon)

   rC:        It renders you almost immune to cold.
Jewellery
 c - the amulet of Emutus {Spirit Harm Int+4}
   (You found it on level 13 of the Dungeon)

   [amulet of guardian spirit]

   It causes incoming damage to be divided between your reserves of health and
   magic.
   Int:       It affects your intelligence (+4).
   Harm:      It increases damage dealt and taken.
 C - a ring of flight (right hand)
   (You found it on level 11 of the Dungeon)
 K - a +6 ring of dexterity (left hand)
   (You found it on level 8 of the Dungeon)
 P - an amulet of faith (around neck)
   (You found it on level 13 of the Dungeon)
Wands
 r - a wand of flame (15) {@v4}
   (You took it off Terence on level 3 of the Dungeon)
 v - a wand of roots (24) {@v2}
   (You took it off Ijyb on level 3 of the Dungeon)
 M - a wand of mindburst (7)
   (You found it on level 11 of the Dungeon)
Scrolls
 h - 7 scrolls of teleportation {@r3}
 j - 4 scrolls of immolation
 l - 4 scrolls of poison
 E - 2 scrolls of blinking {@r4}
 H - a scroll of enchant armour
 J - a scroll of fog
Potions
 d - 3 potions of might {@q3}
 g - 4 potions of lignification
 i - 2 potions of berserk rage
 k - 7 potions of heal wounds {@q2}
 m - 2 potions of ambrosia
 n - 3 potions of cancellation
 p - 3 potions of magic
 q - 6 potions of flight
 t - 2 potions of curing {@q1}
 z - 3 potions of degeneration
 A - 3 potions of mutation
 F - a potion of resistance {unknown}
 G - a potion of experience {unknown}
 L - a potion of haste {unknown}
 O - 2 potions of attraction {unknown}


   Skills:
 + Level 12.4 Fighting
 * Level 16.7 Axes
 + Level 12.4 Armour
 + Level 12.5 Shields
 + Level 9.7 Invocations


You had 12 spell levels left.
You didn't know any spells.
Your spell library was empty.

Dungeon Overview and Level Annotations

Branches:
Dungeon (13/15)            Temple (0/1) D:5            Lair (0/5) D:9
    Orc (2/2) D:9             Elf (0/3) Orc:2        Vaults (0/5) D:13

Altars:
Dithmenos
Fedhas
Hepliaklqana
Kikubaaqudgha
Nemelex Xobeh
Okawaru
Ru
Uskayaw
Wu Jian
Yredelemnul
Zin

Shops:
Orc:2 :

Annotations:
D:11 3 runed translucent doors, GrimJard's ghost, weakling SpDe
D:12 exclusion: downstairs
D:13 4 transporters
Orc:2 Jorgrun


Innate Abilities, Weirdness & Mutations

You have a pair of horns on your head.
You reflexively headbutt those who attack you in melee.
Your spells are a little easier to cast, but a little less powerful.


Message History

Items here: $ )))) / [[[[.
You closely miss the orc high priest.
The orc high priest is lightly wounded.
The orc sorcerer shouts!
You slash the red devil!
Lightning courses through the red devil!
An orc priest comes into view. It is wielding a +0 falchion.
The orc warlord roars a battlecry!
You can now merge with and destroy a victim.
You slice the red devil!!
Lightning courses through the red devil!!
You kill the red devil!
The red devil disappears in a puff of smoke!
You hit the orc high priest.
Lightning courses through the orc high priest!!
You kill the orc priest!
You kill the orc warrior!
You kill the orc! x2
You kill the orc high priest!
The smoke demon disappears in a puff of smoke!
The orc warlord is no longer sharing its pain.
The orc priest calls upon Beogh to heal the orc warlord.
The orc warlord is healed somewhat.
An orc priest comes into view. It is wielding a +0 falchion.
The orc warlord hits you but does no damage.
Aiming: Fastroot
Press: ? - help, Shift-Dir - straight line, f - orc warlord
Aim: an orc warlord, wielding a +1 bardiche of protection and wearing a +0 chain mail (moderately wounded)
The roots erupt in riotous growth!
Roots grab the orc warlord.
Roots grab Jorgrun.
The grasping roots constrict the orc warlord, but do no damage.
The grasping roots constrict Jorgrun.
You hear a shout! x3
An orc warrior comes into view. It is wielding a +0 scimitar.
Jorgrun struggles to escape constriction.
The orc warlord hits you from afar with a +1 bardiche of protection!!
The orc priest mumbles some strange prayers to Beogh against you.
Beogh smites you!
The grasping roots constrict the orc warlord.
The grasping roots constrict Jorgrun!
The roots release their grip on the orc warlord.
The roots release their grip on Jorgrun.
Jorgrun hits you with a +0 heavy quarterstaff.
The orc warlord roars a battlecry!
The orc sorcerer goes into a battle-frenzy!
Things that are here:
a +0 dagger of flaming; a +0 ring mail You hit Jorgrun but do no damage.
Jorgrun is lightly wounded.
You hit the orc priest but do no damage.
You block the orc priest's attack.
An orc comes into view. It is wielding a +0 dagger.
The orc priest invokes the aid of Beogh against you.
Beogh smites you!
The orc wizard mumbles some strange words.
The orc wizard flickers and vanishes for a moment.
The orc warlord hits you from afar with a +1 bardiche of protection!!
* * * LOW HITPOINT WARNING * * *
Jorgrun hits you with a +0 heavy quarterstaff!
* * * LOW HITPOINT WARNING * * *
As you read the scroll of fear, it crumbles to dust.
You assume a fearsome visage.
The orc warrior looks frightened!
The orc wizard looks frightened! x2; The orc priest looks frightened! x2
The orc warlord easily resists.
The orc warrior looks frightened!
The orc priest looks frightened!
The orc wizard looks frightened!
The orc warrior looks frightened!
Jorgrun resists with almost no effort.
The orc warrior looks frightened!
The orc priest looks frightened!
The orc looks frightened!
The orc priest looks frightened!
The orc sorcerer looks frightened!
Jorgrun is no longer sharing his pain.
The orc wizard mumbles some strange words.
The orc wizard flickers and vanishes for a moment.
The orc warlord roars a battlecry!
The orc priest wails, "Help!"
The orc warrior prays for help.
The orc wizard gestures wildly while chanting.
The orc wizard flickers and vanishes for a moment.
Unknown command.
Aiming: Line Pass
Press: ? - help, Dir - move target, f/p - orc warlord
Aim: an orc warlord, wielding a +1 bardiche of protection and wearing a +0 chain mail (moderately wounded)
You can't stand on top of the monster!
Aiming: Line Pass
Press: ? - help, Dir - move target, p - orc warlord Jorgrun appears confused.
The orc warlord appears confused.
Your attack snaps the orc warrior out of its fear.
The orc warrior appears confused.
The orc priest shouts!
The orc high priest shouts!
You strike the helpless orc warlord from behind!
You hit the orc warlord but do no damage.
Lightning courses through the orc warlord!
You headbutt the orc warlord, but do no damage.
The orc warlord is moderately wounded.
The orc warlord hits you with a +1 bardiche of protection.
* * * LOW HITPOINT WARNING * * *
The orc high priest invokes the aid of Beogh against you.
You resist with significant effort.
You hit the orc warlord but do no damage.
The orc warlord is moderately wounded.
The orc warlord seems less confused.
Jorgrun seems less confused.
The orc warrior howls, "Help!"
The orc warlord hits you with a +1 bardiche of protection!!
You die...

.................................
.........................#.......
#.....#..([......................
.........[...[...........$.#.....
......##...)<[[.....o............
......##...()))[[................
##.#......)).)))g...o............
...........[)).o))<..............
##........o...)[@.o.#............
#....#...#......................
##....#.#.......................
#......o∩..o...o#o.o.............
.......#.#o.o...................#
......#...#......................
..........o.........o..o.........
.........................#.......
...#.#...........................


You could see Jorgrun, an orc warlord, an orc high priest (strong), 4 orc
warriors, 5 orc priests and 3 orc wizards.

Vanquished Creatures
  2 hydras
  5 vault guards (D:13)
  2 boulder beetles (D:11)
  An ogre mage (D:13)
  4 centaur warriors (D:13)
  3 two-headed ogres
  2 orc high priests
  A deep elf archer (D:13)
  4 orc knights
  A deep elf pyromancer (D:7)
  3 orc sorcerers
  3 ugly things
  4 cyclopes
  2 manticores
  Maurice (Orc:2)
  8 centaur zombies (D:10)
  Psyche (D:10)
  A gargoyle (D:13)
  An efreet (D:13)
  2 kobold demonologists (D:7)
  2 unseen horrors
  3 unseen horror zombies (D:10)
  A yaktaur (D:13)
  8 trolls
  Grinder (D:4)
  A hornet (D:7)
  4 slime creatures (D:13)
  Sigmund (D:4)
  A vampire (D:11)
  2 wyverns (D:9)
  2 water elementals (D:13)
  2 wraiths
  2 shadows (D:7)
  12 yaks
  A basilisk (D:12)
  A human (D:13)
  A steam dragon (D:7)
  14 vampire mosquitoes
  A swamp worm (D:8)
  A warg (Orc:2)
  2 acid dragons
  5 water moccasins
  20 orc warriors
  2 ice beasts (D:7)
  An ogre (Orc:2)
  A sky beast (D:8)
  24 centaurs
  3 kobold brigands (D:7)
  4 bullfrogs
  3 scorpions
  A gnoll sergeant (D:8)
  3 wights (D:6)
  4 killer bees (D:7)
  7 electric eels
  8 howler monkeys
  14 orc priests
  Crazy Yiuf (D:3)
  2 hounds
  Terence (D:3)
  5 iguanas
  22 orc wizards
  Ijyb (D:3)
  7 gnolls
  15 adders
  A shadow imp (D:6)
  6 white imps
  3 ufetubi
  A worm (D:2)
  4 dart slugs
  63 orcs
  9 ball pythons
  4 bats
  8 endoplasms
  4 giant cockroaches
  5 goblins
  8 hobgoblins
  3 quokkas
  4 frilled lizards
  11 kobolds
  4 rats
406 creatures vanquished.

Vanquished Creatures (others)
  A human (D:3)
  4 plants (D:8)
5 creatures vanquished.

Grand Total: 411 creatures vanquished

Notes
Turn   | Place    | Note
-------+----------+-------------------------------------------
     0 | D:1      | EnegeticOcto the Minotaur Fighter began the quest for the
                  | Orb.
     0 | D:1      | Reached XP level 1. HP: 19/19 MP: 0/0
    78 | D:1      | Found a faded altar of an unknown god.
   220 | D:1      | Reached XP level 2. HP: 27/27 MP: 1/1
   259 | D:1      | Reached skill level 3 in Axes
   472 | D:2      | Reached XP level 3. HP: 28/33 MP: 2/2
  1151 | D:3      | Reached XP level 4. HP: 40/40 MP: 3/3
  1186 | D:3      | Reached skill level 4 in Axes
  1339 | D:3      | Found a hide-covered altar of Uskayaw.
  1353 | D:3      | Became a worshipper of Uskayaw the Reveller
  1356 | D:3      | Found a blossoming altar of Fedhas.
  1385 | D:3      | Noticed Terence
  1391 | D:3      | Reached * piety under Uskayaw
  1392 | D:3      | Killed Terence
  1392 | D:3      | Reached ** piety under Uskayaw
  1393 | D:3      | Reached XP level 5. HP: 32/47 MP: 4/4
  1699 | D:3      | Noticed Ijyb
  1710 | D:3      | Killed Ijyb
  1863 | D:3      | Found a runed translucent door.
  1864 | D:3      | Noticed Crazy Yiuf
  1981 | D:3      | Found an ancient bone altar of Kikubaaqudgha.
  1982 | D:3      | Noticed a human
  1985 | D:3      | Killed a human
  2258 | D:3      | Killed Crazy Yiuf
  2259 | D:3      | Reached skill level 5 in Axes
  2259 | D:3      | Reached skill level 1 in Invocations
  2370 | D:3      | Identified a scroll of acquirement
  2370 | D:3      | Acquired the +1 pair of boots "Tatanem" {+Inv rF+ SInv}
  2510 | D:4      | Reached XP level 6. HP: 55/55 MP: 5/5
  2511 | D:4      | Reached *** piety under Uskayaw
  2515 | D:4      | Reached **** piety under Uskayaw
  2604 | D:4      | Noticed Sigmund
  2622 | D:4      | Killed Sigmund
  2623 | D:4      | Reached skill level 5 in Fighting
  2623 | D:4      | Reached skill level 5 in Armour
  2623 | D:4      | Reached skill level 5 in Shields
  2623 | D:4      | Reached XP level 7. HP: 49/61 MP: 7/7
  2772 | D:4      | Reached skill level 6 in Axes
  2969 | D:4      | Noticed Grinder
  2989 | D:4      | Killed Grinder
  3545 | D:5      | Entered Level 5 of the Dungeon
  3598 | D:5      | Found a staircase to the Ecumenical Temple.
  3627 | D:5      | Reached skill level 7 in Axes
  3691 | D:5      | Reached XP level 8. HP: 69/70 MP: 9/9
  4273 | D:5      | Identified the +0 kite shield of Perfidy {rC+++}
  4620 | D:6      | Found a glowing silver altar of Zin.
  4707 | D:6      | Reached skill level 8 in Axes
  5118 | D:6      | Found a sparkling altar of Nemelex Xobeh.
  5178 | D:6      | Found a shadowy altar of Dithmenos.
  5368 | D:7      | Reached XP level 9. HP: 46/78 MP: 9/11
  5502 | D:7      | Noticed a kobold demonologist
  5508 | D:7      | Reached ***** piety under Uskayaw
  5509 | D:7      | Gained mutation: Your spells are a little easier to cast,
                  | but a little less powerful. [a neqoxec]
  5516 | D:7      | Killed a kobold demonologist
  5516 | D:7      | Reached ****** piety under Uskayaw
  5517 | D:7      | Reached skill level 9 in Axes
  5822 | D:7      | Identified the +1 ring mail of Makhleb's Reproof {rC- Will+
                  | Slay+2}
  5825 | D:7      | Acquired the +6 war axe of the Apocalypse {antimagic, Drain
                  | Str+4 Int+4 SInv}
  5836 | D:7      | Noticed a kobold demonologist
  5845 | D:7      | Killed a kobold demonologist
  5851 | D:7      | Reached skill level 10 in Axes
  5851 | D:7      | Reached skill level 5 in Invocations
  5853 | D:7      | Noticed a white ugly thing
  5853 | D:7      | Noticed a deep elf pyromancer
  5861 | D:7      | Killed a white ugly thing
  5867 | D:7      | Reached XP level 10. HP: 65/88 MP: 3/13
  5880 | D:7      | Killed a deep elf pyromancer
  6071 | D:7      | Identified the +12 spear "Zometti" {drain, *Slow rPois
                  | Int+3 Stlth+}
  6155 | D:7      | Reached skill level 11 in Axes
  7042 | D:8      | Found a hazy altar of Hepliaklqana.
  7204 | D:8      | Found a sacrificial altar of Ru.
  7256 | D:8      | Found an iron altar of Okawaru.
  7790 | D:9      | Reached skill level 12 in Axes
  7893 | D:9      | Found a staircase to the Orcish Mines.
  8064 | D:9      | Reached XP level 11. HP: 94/97 MP: 4/14
  8133 | D:9      | Found a staircase to the Lair.
  8630 | D:10     | Entered Level 10 of the Dungeon
  9121 | D:10     | Noticed Psyche
  9130 | D:10     | Killed Psyche
  9141 | D:10     | Reached skill level 13 in Axes
  9166 | D:10     | Reached skill level 10 in Armour
  9166 | D:10     | Reached skill level 10 in Shields
  9198 | D:10     | Reached skill level 10 in Fighting
  9229 | D:10     | Found a basalt altar of Yredelemnul.
 10111 | D:11     | Noticed a white ugly thing
 10119 | D:11     | Killed a white ugly thing
 10120 | D:11     | Reached XP level 12. HP: 93/107 MP: 5/16
 10199 | D:11     | Noticed a five-headed hydra
 10211 | D:11     | Killed a two-headed hydra
 10212 | D:11     | Reached skill level 14 in Axes
 10725 | D:11     | Noticed a boulder beetle
 10743 | D:11     | Killed a boulder beetle
 10753 | D:11     | Noticed a boulder beetle
 10765 | D:11     | Killed a boulder beetle
 10847 | D:11     | Found a runed translucent gate.
 10848 | D:11     | Found a runed translucent gate.
 10848 | D:11     | Found a runed translucent gate.
 11052 | D:11     | Noticed GrimJard's ghost (weakling SpDe)
 11081 | D:12     | Noticed a two-headed ogre
 11090 | D:12     | Killed a two-headed ogre
 11752 | D:13     | Noticed a centaur warrior
 11762 | D:13     | Killed a centaur warrior
 11765 | D:13     | Reached skill level 15 in Axes
 12056 | D:13     | Identified the +0 mace of Courage {venom, rPois SInv}
 12072 | D:13     | Noticed a two-headed ogre
 12080 | D:13     | Killed a two-headed ogre
 12160 | D:13     | Noticed a centaur warrior
 12168 | D:13     | Killed a centaur warrior
 12356 | D:13     | Noticed a vault guard
 12368 | D:13     | Killed a vault guard
 12430 | D:13     | Noticed an ogre mage
 12431 | D:13     | Noticed a vault guard
 12439 | D:13     | Killed an ogre mage
 12446 | D:13     | Reached XP level 13. HP: 105/116 MP: 18/18
 12552 | D:13     | Found a gate to the Vaults.
 12851 | D:13     | Found a transporter.
 12858 | D:13     | Found a transporter.
 12861 | D:13     | Found an ornate altar of the Wu Jian Council.
 12862 | D:13     | Found a transporter.
 13093 | D:13     | Reached skill level 16 in Axes
 13226 | D:13     | Identified the amulet of Emutus {Spirit Harm Int+4}
 13402 | D:13     | Found a transporter.
 13403 | D:13     | Found an ornate altar of the Wu Jian Council.
 13403 | D:13     | Noticed a vault warden
 13726 | Orc:1    | Entered Level 1 of the Orcish Mines
 13827 | Orc:2    | Entered Level 2 of the Orcish Mines
 13827 | Orc:2    | Found Niohamam's Book Boutique.
 14093 | Orc:2    | Found a staircase to the Elven Halls.
 14372 | Orc:2    | Noticed Maurice
 14466 | Orc:2    | Killed Maurice
 14689 | Orc:2    | Noticed an orc warlord
 14694 | Orc:2    | Noticed Jorgrun
 14700 | Orc:1    | HP: 2/119 [orc knight/+1 great mace (26)]
 15034 | Orc:2    | Demolished by an orc warlord

Illustrated notes

Levels and vault maps discovered:
D:1:      minmay_arrival_plants_in_alcoves, layout_rooms,
          ebering_ecumenical_altar_abandoned, minmay_misc_feat_alley
D:2:      layout_loops_ring, kennysheep_generic_room_8
D:3:      layout_basic, tgw_kikubaaqudgha, minitemple, uniq_crazy_yiuf_cottage,
          uniq_terence, uniq_ijyb
D:4:      minmay_bubble_buster, layout_loops_ring, uniq_sigmund, uniq_grinder
D:5:      layout_gridville, minmay_temple_entry_drinking_statues,
          minmay_misc_feat_hallway
D:6:      layout_cave_pods, kennysheep_mini_moat,
          nemelex_xobeh_ov_fountains_minmay, zin_scriptorium
D:7:      minmay_the_grid_triangle_9x9_recursive_2
          [minmay_the_grid_triangle_9x9_prize_top_heavy,
          minmay_the_grid_triangle_9x9_from_above,
          minmay_the_grid_triangle_9x9_steps,
          minmay_the_grid_triangle_9x9_checkered], layout_cave_pods
D:8:      layout_layer_cave, mainiacjoe_overflow_surrounded_room,
          nicolae_overflow_crystal_walls, okawaru_ov_weapons_minmay,
          worms_lemuel
D:9:      nicolae_cairo_tiling_very_big, layout_irregular_city, orc_0_dummy,
          st_stairs_3
D:10:     layout_stronghold, nicolae_yredelemnul_corpse_copse, st_stairs_4,
          ebering_dispersal_statue_hall, chequers_serial_rivers_small_b,
          grunt_ministairs_12, uniq_psyche
D:11:     layout_basic, gammafunk_ghost_spectres, minmay_bent
D:12:     layout_basic, minmay_liquid_box
D:13:     dreamdust_wu_jian_sword_trials, layout_basic,
          grunt_vaults_entry_fortified
Orc:1:    layout_caves, basic_altar
Orc:2:    st_orc_congregation, layout_caves, basic_altar, serial_shops,
          nicolae_shop_advertising_works [nicolae_subvault_shop_adworks],
          uniq_jorgrun, uniq_maurice

Skill      XL: |  1  2  3  4  5  6  7  8  9 10 11 12 13 |
---------------+----------------------------------------+-----
Axes           | 3 4 5 7 8 10 12 13 15 16 | 16.7
Fighting       | 4 5 6 8 9 10 11 12 | 12.4
Armour         | 4 5 6 7 9 10 11 12 | 12.4
Shields        | 4 5 6 8 9 10 11 12 | 12.5
Invocations    | 1 2 4 5 6 7 8 9 |  9.7

Action                     |  1- 3 |  4- 6 |  7- 9 | 10-12 | 13-15 || total
---------------------------+-------+-------+-------+-------+-------++-------
  Melee: War axe           |    79 |    21 |    29 |   319 |       ||   448
         Headbutt          |     8 |    18 |    47 |   104 |    37 ||   214
         Hand axe          |       |    66 |   227 |       |       ||   293
         Broad axe         |       |       |       |   115 |   178 ||   293
 Invoke: Line Pass         |       |       |       |       |     2 ||     2
  Evoke: Wand              |       |       |       |     2 |     3 ||     5
    Use: Scroll            |       |     8 |     1 |    15 |     7 ||    31
         Potion            |       |       |       |       |     2 ||     2
   Stab: Paralysed         |       |     2 |    14 |    51 |    24 ||    91
         Confused          |       |       |       |       |     1 ||     1
 Armour: Scale mail        |    38 |    14 |       |       |       ||    52
         Chain mail        |       |    17 |   147 |   237 |   103 ||   504
  Dodge: Dodged            |    35 |    34 |    97 |   204 |    58 ||   428
  Block: Buckler           |    14 |    14 |    21 |       |       ||    49
         Kite shield       |       |       |    64 |   261 |   120 ||   445
